 Dungeon Crawl Stone Soup version 0.24.0-1-gfbc8707122 (webtiles) character file.

Game seed: 525142692875533190, levelgen mode: deterministic

57 Mrkan the Ruffian (level 3, -7/29 HPs)
             Began as a Draconian Transmuter on Oct 27, 2019.
             Mangled by a gnoll
             ... wielding a cursed +0 halberd
              (12 damage)
             ... on level 2 of the Dungeon on Oct 28, 2019.
             The game lasted 00:04:16 (1670 turns).

Mrkan the Ruffian (Draconian Transmuter)            Turns: 1670, Time: 00:04:17

Health: -7/29      AC:  5    Str: 12    XL:     3   Next: 73%
Magic:  5/6        EV: 12    Int: 14    God:
Gold:   85         SH:  0    Dex: 11    Spells: 5/6 levels left

rFire    . . .     SeeInvis .     - Unarmed
rCold    . . .     Gourm    .   (no shield)
rNeg     . . .     Faith    .   (armour unavailable)
rPois    .         Spirit   .   (helmet restricted)
rElec    .         Reflect  .   (no cloak)
rCorr    .         Harm     .   (no gloves)
MR       .....                  (no boots)
Stlth    +.........             (no amulet)
HPRegen  0.09/turn              (no ring)
MPRegen  0.10/turn              (no ring)

@: appendage (expiring)
A: unfitting armour, horns 2, cold-blooded, AC +5
a: End Transformation


You were on level 2 of the Dungeon.
You were not hungry.
You had grown temporary horns.
You visited 1 branch of the dungeon, and saw 2 of its levels.

You collected 85 gold pieces.

Inventory:

Missiles
 a - 35 arrows
Jewellery
 h - an uncursed amulet of magic regeneration {unknown}
 i - an uncursed amulet of guardian spirit {unknown}
Scrolls
 b - 2 scrolls of teleportation {unknown}
 d - a scroll of identify {unknown}
Potions
 e - a potion of might {unknown}
 f - a potion of flight {unknown}
Comestibles
 c - 2 rations
 g - 4 chunks of flesh


   Skills:
 + Level 2.1 Fighting
 + Level 2.3 Dodging
 * Level 3.6 Unarmed Combat
 - Level 2.0 Spellcasting
 + Level 2.6 Transmutations


You had 5 spell levels left.
You knew the following spells:

 Your Spells              Type           Power        Failure   Level  Hunger
a - Beastly Appendage     Tmut           #.....       9%          1    ##.....

Your spell library contained the following spells:

 Spells                   Type           Power        Failure   Level  Hunger
 Sticks to Snakes         Tmut           #.......     12%         2    ###....
 Spider Form              Tmut/Pois      #.........   38%         3    ####...
 Ice Form                 Ice/Tmut       #.......     80%         4    #####..
 Blade Hands              Tmut           #.........   92%         5    ######.


Dungeon Overview and Level Annotations

Branches:
Dungeon (2/15)

Altars:


Innate Abilities, Weirdness & Mutations

Your plain brown scales are hard. (AC +5)
You cannot fit into any form of body armour.
You are cold-blooded and may be slowed by cold attacks.
You have a pair of horns on your head.


Message History

An adder comes into view.
The adder hisses angrily.
The gnoll hits you but does no damage.
The gnoll hits you from afar with a cursed +0 halberd!
You barely miss the gnoll. Your headbutt misses the gnoll.
You barely miss the gnoll.
The gnoll hits you from afar with a cursed +0 halberd!
* * * LOW HITPOINT WARNING * * *
The gnoll closely misses you.
You closely miss the gnoll. The gnoll barely misses you. x2
You hit the gnoll.
Your tail-slap misses the gnoll.
The gnoll is moderately wounded.
Your transformation is almost over.
The adder bites you but does no damage. The gnoll barely misses you.
The gnoll misses you.
You hit the gnoll. You headbutt the gnoll.
You kill the gnoll!
The adder misses you.
The gnoll hits you with a cursed +0 halberd!
You die...

####........##.##
#...........##.#
#####
#...........##.#
.....
#...........##.#
......
#...####.#####.#
..)...##...'....#
......g....######
.g....#g...#
###.. #@#.## ##
#.#.# ......S.#.#
#########.# #.#
..# ###


You could see 2 gnolls and an adder.

Vanquished Creatures
  An adder (D:2)
  A gnoll (D:2)
  2 dart slugs (D:1)
  2 leopard geckos (D:1)
  3 ball pythons (D:1)
  4 bats (D:1)
  3 giant cockroaches
  5 goblins
  A hobgoblin (D:1)
  3 jackals (D:1)
  3 kobolds (D:1)
  3 rats
31 creatures vanquished.

Notes
Turn   | Place    | Note
-------+----------+-------------------------------------------
     0 | D:1      | Mrkan the Draconian Transmuter began the quest for the Orb.
     0 | D:1      | Reached XP level 1. HP: 16/16 MP: 3/3
   164 | D:1      | Reached XP level 2. HP: 17/23 MP: 5/5
   829 | D:1      | Reached XP level 3. HP: 4/29 MP: 6/6
  1670 | D:2      | Mangled by a gnoll

Levels and vault maps discovered:
D:1:      lightli_arrival_windingriver, layout_basic
D:2:      layout_basic, first_ration, minmay_rat_gold_closets

Skill      XL: |  1  2  3 |
---------------+----------+-----
Dodging        | 2 |  2.3
Fighting       | 2 |  2.1
Unarmed Combat | |  3.6
Spellcasting   | |  2.0
Transmutations | |  2.6

Action                   || total
-------------------------++-------
Melee: Unarmed           ||   113
       Tailslap          ||    14
       Punch             ||     1
       Headbutt          ||     1
 Cast: Beastly Appendage ||     3
 Stab: Sleeping          ||     2
  Eat: Chunk             ||     2
Armor: Skin              ||    36
Dodge: Dodged            ||    86
